 Dungeon Crawl Stone Soup version 0.30-a0-883-g5ad918d77d (webtiles) character file.

Game seed: 12380457740479362248

6535 FexLirch the Reanimator (level 10, -8/73 HPs)
             Began as a Mummy Necromancer on Mar 18, 2023.
             Was an Elder of Jiyva.
             Mangled by a centaur warrior (10 damage)
             ... on level 9 of the Dungeon.
             The game lasted 00:36:57 (8679 turns).

FexLirch the Reanimator (Mummy Necromancer)         Turns: 8679, Time: 00:36:57

Health: -8/73      AC:  7    Str: 12    XL:     10   Next: 69%
Magic:  13/21      EV: 12    Int: 19    God:    Jiyva [****..]
Gold:   98         SH:  0    Dex: 12    Spells: 11/24 levels left

rFire   x . .      SeeInvis .    F - +2 glaive (venom)
rCold   + . .      Faith    +    (shield currently unavailable)
rNeg    + + +      Spirit   .    t - +2 leather armour {Will+}
rPois   ∞          Reflect  .    w - +1 hat {Will+}
rElec   .          Rampage  .    x - +0 cloak {Stlth+}
rCorr   +                        (no gloves)
Will    +++..                    (no boots)
Stlth   ++                       u - amulet of the acrobat
HPRegen 1.60/turn                J - ring of flight
MPRegen 0.57/turn                (no ring)

@: flying, slowed, very slow
A: cold resistance 1, negative energy resistance 3, torment resistance 2, heat
vulnerability 1, in touch with death 1, no potions, faith
a: Renounce Religion, Oozemancy, Slimify


You were on level 9 of the Dungeon.
You worshipped Jiyva.
Jiyva was greatly pleased with you.
You visited 2 branches of the dungeon, and saw 10 of its levels.
You also visited: Sewer.

You collected 354 gold pieces.
You spent 256 gold pieces at shops.

Inventory:

Hand Weapons
 c - a +0 dagger
 f - a +0 trident
 k - a +0 sling
 s - a +0 dagger of venom
 B - a +4 quarterstaff of chaos
 C - a +2 halberd of draining
 D - a +0 shortbow
 F - a +2 glaive of venom (weapon)
Missiles
 b - 60 stones (quivered)
 d - 22 poisoned darts
 j - 6 javelins
 o - 5 atropa-tipped darts
 y - 5 boomerangs
Armour
 t - a +2 leather armour of willpower (worn)
 w - a +1 hat of willpower (worn)
 x - a +0 cloak of stealth (worn)
 H - +0 acid dragon scales
Jewellery
 u - an amulet of the acrobat (around neck)
 J - a ring of flight (left hand)
Wands
 a - a wand of flame (37)
 A - a wand of polymorph (10)
 E - a wand of paralysis (21)
 G - a wand of quicksilver (7)
Scrolls
 e - 2 scrolls of immolation
 g - 2 scrolls of silence
 h - a scroll of fear {unknown}
 i - a scroll of brand weapon
 l - 3 scrolls of teleportation
 m - 3 scrolls of fog
 n - a scroll of butterflies
 p - a scroll of noise
 q - a scroll of enchant armour
 z - 2 scrolls of enchant weapon
 I - 2 scrolls of magic mapping {unknown}


   Skills:
 + Level 4.5 Fighting
 + Level 4.2 Dodging
 - Level 1.5 Stealth
 + Level 7.6 Spellcasting
 * Level 14.1 Necromancy


You had 11 spell levels left.
You knew the following spells:

 Your Spells              Type           Power      Damage    Failure   Level
a - Necrotise             Necr           100%       1d9       1%          1
b - Vampiric Draining     Necr           75%        2d11      1%          3
c - Animate Dead          Necr           75%        N/A       1%          4
d - Agony                 Necr           75%        N/A       1%          5

Your spell library contained the following spells:

 Spells                   Type           Power      Damage    Failure   Level


Dungeon Overview and Level Annotations

Branches:
Dungeon (9/15)             Temple (1/1) D:7           Sewer (visited)
   Lair: D:8-11         Orc: D:9-12

Altars:
Ashenzari
Cheibriados
Dithmenos
Fedhas
Gozag
Hepliaklqana
Kikubaaqudgha
Makhleb
Nemelex Xobeh
Okawaru
Qazlal
Ru
Sif Muna
Trog
Uskayaw
Vehumet
Wu Jian
Xom
Yredelemnul

Shops:
D:3 (   D:7 *

Portals:
Abyss: D:7

Annotations:
D:7 2 transporters, howech's ghost, novice MiGl


Innate Abilities, Weirdness & Mutations

You are immune to poison.
Your flesh is cold resistant. (rC+)
You are immune to negative energy. (rN+++)
You are immune to unholy pain and torment.
You are vulnerable to heat. (rF-)
You are in touch with the powers of death.
You do not drink.
You have a special connection with the divine. (Faith)


Message History

Something hits your yak zombie.
Your yak zombie is destroyed!
The centaur warrior shoots an arrow.
The arrow hits you.
* * * LOW HITPOINT WARNING * * *
Casting: Vampiric Draining (safe; 1% risk of failure)
Confirm with . or Enter, or press ? or * to list all spells.
Aiming: Vampiric Draining (safe; 1% risk of failure)
Press: ? - help, Shift-Dir - straight line, f/p - centaur warrior
Aim: a centaur warrior, wielding a +0 shortbow (grey smoke, lightly wounded, ally target)
You feel a surge of power!
You draw life force from the centaur warrior.
You feel life coursing into your body.
The centaur warrior unwields a +0 shortbow.
The centaur warrior closely misses you.
The centaur warrior kicks you but does no damage.
Something hits your yak zombie!
Your yak zombie gores the centaur warrior but does no damage.
The boulder beetle misses you.
The boulder beetle stops rolling and uncurls.
The centaur warrior hits you but does no damage.
The centaur warrior kicks you.
* * * LOW HITPOINT WARNING * * *
Something hits your yak zombie!
Something drains your yak zombie's vigour!
Your yak zombie seems to slow down.
Your yak zombie gores the centaur warrior!
Casting: Vampiric Draining (safe; 1% risk of failure)
Confirm with . or Enter, or press ? or * to list all spells.
Aiming: Vampiric Draining (safe; 1% risk of failure)
Press: ? - help, Shift-Dir - straight line, f/p - centaur warrior
Aim: a centaur warrior (grey smoke, heavily wounded, ally target)
You feel a surge of power!
You draw life force from the centaur warrior!
You feel life coursing into your body. The centaur warrior hits you.
* * * LOW HITPOINT WARNING * * *
The centaur warrior closely misses you. The boulder beetle bites you!!
* * * LOW HITPOINT WARNING * * *
Something hits your yak zombie but does no damage.
The centaur warrior hits you!
You die...

## ..... . ..... .. #.
#.°# ...##'####.○#
...........○#
......†W§§§§#
.......§§§§§#
##########..§ZcB§#
##.......##.####@§#
#........#.. ###§§###
#........### #......#
#........# ###......###
##...^..## #....####..#
.#......####....####..###
.#......##..##..........#
Z'......##.. #..Z.......#
.#......##.. #..##.[##..#


You could see a boulder beetle, a centaur warrior (ally target) and a friendly
yak zombie (slow).

Vanquished Creatures
  A two-headed ogre (D:9)
  Joseph (D:8)
  An unseen horror (D:9)
  Maggie (D:8)
  A hornet (D:9)
  2 wyverns (D:8)
  4 yaks (D:9)
  An acid dragon (D:9)
  A water moccasin (D:7)
  A sky beast (D:7)
  A black bear (D:8)
  2 ice beasts
  4 orc warriors
  2 centaurs
  3 ogres
  A phantom (D:6)
  2 kobold brigands
  A gnoll sergeant (D:6)
  2 bullfrogs
  2 scorpions
  7 killer bees
  A howler monkey (D:3)
  2 lava snakes (D:7)
  2 jellies (Sewer)
  5 orc priests
  Crazy Yiuf (D:7)
  2 sleepcaps
  5 iguanas
  8 orc wizards
  4 gnolls (D:6)
  A river rat (Sewer)
  7 adders
  A shadow imp (D:6)
  An ufetubus (D:6)
  3 worms
  2 dart slugs
  31 orcs
  10 ball pythons
  7 endoplasms
  5 giant cockroaches
  12 goblins
  2 hobgoblins
  5 jackals (D:4)
  4 quokkas
  6 bats
  7 frilled lizards
  13 kobolds
  10 rats
198 creatures vanquished.

Vanquished Creatures (collateral kills)
  An ugly thing (D:9)
  A water moccasin (D:7)
  2 black bears (D:5)
  3 centaurs
  A bullfrog (D:8)
  A wight (D:9)
  A yak zombie (D:9)
  A jelly (Sewer)
  A hound (D:4)
  An orc priest (D:4)
  A sleepcap (D:5)
  Robin (D:4)
  An adder (D:5)
  A gnoll (D:6)
  An orc zombie (D:9)
  5 orcs
  2 ball pythons (D:4)
  4 endoplasms
  4 goblins (D:4)
  3 hobgoblins
  A jackal (D:4)
  3 rats (Sewer)
40 creatures vanquished.

Vanquished Creatures (others)
  A two-headed ogre zombie (D:9)
  A water moccasin (D:7)
  A black bear (D:8)
  2 phantoms (D:5)
  A bullfrog (D:9)
  2 scorpions (D:5)
  2 yak zombies (D:9)
  2 centaur zombies (D:9)
  25 jellies
  A lava snake (D:7)
  2 black bear zombies
  2 orc priests (D:7)
  3 hounds
  A human zombie (D:8)
  An iguana (D:5)
  A hound zombie (D:4)
  A shadow imp (D:5)
  An iguana zombie (D:5)
  2 adder zombies (D:5)
  8 orcs
  3 gnoll zombies (D:6)
  2 ball python zombies
  A dart slug zombie (D:5)
  3 endoplasm zombies
  2 frilled lizard zombies (Sewer)
  2 giant cockroach zombies (D:5)
  A goblin zombie (D:4)
  4 jackal zombies (D:4)
  4 kobold zombies
  20 orc zombies
  A quokka zombie (D:4)
  3 rat zombies (Sewer)
  2 fungi (D:7)
108 creatures vanquished.

Grand Total: 346 creatures vanquished

Notes
Turn   | Place    | Note
-------+----------+-------------------------------------------
     0 | D:1      | FexLirch the Mummy Necromancer began the quest for the Orb.
     0 | D:1      | Reached XP level 1. HP: 13/13 MP: 4/4
   449 | D:1      | Reached XP level 2. HP: 19/19 MP: 4/6
  1406 | D:2      | Gained mutation: You are in touch with the powers of death.
                  | [Mummy growth]
  1406 | D:2      | Reached XP level 3. HP: 9/24 MP: 0/7
  1418 | D:2      | Learned a level 3 spell: Vampiric Draining
  2132 | D:3      | Reached skill level 5 in Necromancy
  2283 | D:3      | Found Elaleim's Antique Weapon Emporium.
  2603 | D:4      | Noticed Robin
  2624 | D:4      | Noticed an ogre
  2677 | D:4      | Reached XP level 4. HP: 30/30 MP: 2/9
  2851 | D:3      | Learned a level 4 spell: Animate Dead
  3002 | D:4      | Reached XP level 5. HP: 32/35 MP: 1/11
  3010 | D:4      | Reached skill level 6 in Necromancy
  3067 | D:4      | Killed Robin
  3222 | D:4      | Reached XP level 6. HP: 41/41 MP: 6/13
  3232 | D:4      | Learned a level 5 spell: Agony
  3292 | D:4      | Reached skill level 5 in Spellcasting
  3690 | D:4      | Reached skill level 7 in Necromancy
  3830 | D:4      | Reached XP level 7. HP: 46/46 MP: 9/14
  4049 | D:5      | Entered Level 5 of the Dungeon
  4087 | D:5      | Found a glowing drain.
  4182 | D:5      | Reached skill level 8 in Necromancy
  4256 | Sewer    | Entered a sewer
  4355 | Sewer    | Found a viscous altar of Jiyva.
  4363 | Sewer    | Reached skill level 9 in Necromancy
  4625 | Sewer    | Became a worshipper of Jiyva Jinaret the Shapeless
  4739 | D:5      | Reached XP level 8. HP: 17/52 MP: 1/15
  4770 | D:5      | Found a radiant altar of Vehumet.
  4778 | D:5      | Found a bloodstained altar of Trog.
  4907 | D:5      | Reached skill level 10 in Necromancy
  5199 | D:5      | Reached * piety under Jiyva
  5679 | D:6      | Reached skill level 11 in Necromancy
  6022 | D:6      | Reached ** piety under Jiyva
  6465 | D:7      | Reached XP level 9. HP: 52/57 MP: 16/16
  6476 | D:7      | Reached skill level 12 in Necromancy
  6479 | D:7      | Found Ossecom's Assorted Antiques.
  6570 | D:7      | Found a transporter.
  6575 | D:7      | Found a transporter.
  6593 | D:7      | Noticed an ancient zyme
  6599 | D:7      | Found a one-way gate to the infinite horrors of the Abyss.
  6599 | D:7      | Noticed howech's ghost (novice MiGl)
  6618 | D:7      | Found a staircase to the Ecumenical Temple.
  6722 | D:7      | Reached *** piety under Jiyva
  6798 | Temple   | Entered the Ecumenical Temple
  6992 | D:7      | Found a runed translucent door.
  6993 | D:7      | Noticed Crazy Yiuf
  7003 | D:7      | Killed Crazy Yiuf
  7201 | D:8      | Reached skill level 1 in Fighting
  7314 | D:7      | Found a burning altar of Makhleb.
  7366 | D:7      | Noticed a blizzard demon
  7603 | D:3      | Bought a glowing glaive for 256 gold pieces
  7945 | D:8      | Reached **** piety under Jiyva
  7955 | D:8      | Noticed Maggie
  7960 | D:8      | Killed Maggie
  7974 | D:8      | Reached skill level 13 in Necromancy
  7995 | D:8      | Noticed Joseph
  8012 | D:8      | Killed Joseph
  8015 | D:8      | Your ally Joseph died
  8125 | D:8      | Reached XP level 10. HP: 57/69 MP: 13/19
  8452 | D:9      | Reached ***** piety under Jiyva
  8572 | D:9      | Noticed a two-headed ogre
  8573 | D:9      | Noticed a green ugly thing
  8592 | D:9      | Killed a two-headed ogre
  8633 | D:9      | Killed a green ugly thing
  8634 | D:9      | Reached skill level 14 in Necromancy
  8667 | D:9      | Noticed a centaur warrior
  8673 | D:9      | Noticed a boulder beetle
  8679 | D:9      | HP: 2/73 [boulder beetle (18)]
  8679 | D:9      | Mangled by a centaur warrior

Illustrated notes

Levels and vault maps discovered:
D:1:      sevenhm_arrival_forest_fort_small_4, layout_basic,
          nicolae_concentric_dashed_squares_wild
D:2:      layout_rooms, minmay_misc_feat_enclosed
D:3:      layout_rooms, serial_shops, nicolae_shop_crystal, nicolae_eternal_life
D:4:      layout_cave_pools, hangedman_decor_peaks_small, chequers_garden,
          kennysheep_cross_bottleneck, uniq_robin
D:5:      minmay_inner_zag, layout_basic, nicolae_overflow_squiral,
          gup_sewer_entry_glass, chequers_serial_rivers_micro_c
D:6:      layout_loops_ring
D:7:      layout_basic, makhleb_altar_promises_db,
          minmay_temple_entry_glassed_door, gammafunk_ghost_abyssal_escape,
          serial_shops, nicolae_inconvenience_store,
          chequers_serial_rivers_micro_e, uniq_crazy_yiuf_cottage
D:8:      layout_loops_ring, uniq_maggie, uniq_joseph
D:9:      minmay_bloctagon, layout_gridville, gammafunk_ghost_cemetery,
          the_hattery
Temple:   regret_index_temple_mists

Skill      XL: |  1  2  3  4  5  6  7  8  9 10 |
---------------+-------------------------------+-----
Spellcasting   | 3 4 5 6 7 |  7.6
Necromancy     | 5 6 7 9 11 13 14 | 14.1
Fighting       | 2 4 |  4.5
Dodging        | 3 4 |  4.2
Stealth        | |  1.5

Action                     |  1- 3 |  4- 6 |  7- 9 | 10-12 || total
---------------------------+-------+-------+-------+-------++-------
  Melee: Unarmed           |     1 |       |       |       ||     1
         Spear             |    18 |       |       |       ||    18
         Trident           |     3 |    33 |   161 |       ||   197
         Dagger            |       |       |    38 |       ||    38
         Punch             |       |       |     6 |       ||     6
         Glaive            |       |       |    30 |    40 ||    70
   Fire: Shortbow          |       |       |    29 |       ||    29
  Throw: Stone             |     2 |       |       |       ||     2
         Dart              |       |     3 |     4 |       ||     7
         Throwing net      |       |       |       |     1 ||     1
   Cast: Necrotise         |    85 |    80 |   147 |    19 ||   331
         Animate Dead      |       |     2 |     9 |     3 ||    14
         Vampiric Draining |       |       |    33 |    15 ||    48
         Agony             |       |       |     5 |     3 ||     8
 Invoke: Oozemancy         |       |       |       |     1 ||     1
    Use: Scroll            |     3 |     1 |     5 |     1 ||    10
   Stab: Sleeping          |     1 |       |     1 |       ||     2
         Distracted        |       |     1 |       |       ||     1
 Armour: Leather armour    |     9 |    16 |   124 |    36 ||   185
  Dodge: Dodged            |    38 |    40 |   181 |    63 ||   322

Table legend: (Time is in decaauts)
 A = Elapsed time spent in this place.
 B = Non-inter-level travel time spent in this place.
 C = Inter-level travel time spent in this place.
 D = Time resting spent in this place.
 E = Time spent auto-exploring this place.
 F = Levels seen in this place.
 G = Mean time per level.
                   A        B        C        D        E       F      G
               +--------+--------+--------+--------+--------+-----+--------+
         Total |   8909 |   8065 |    844 |    413 |   4490 |  11 |  809.9 |
       Dungeon |   8271 |   7456 |    815 |    322 |   4242 |   9 |  919.0 |
        Temple |    222 |    194 |     28 |      0 |    171 |   1 |  222.0 |
         Sewer |    415 |    415 |      0 |     91 |     76 |   1 |  415.0 |
               +--------+--------+--------+--------+--------+-----+--------+

Top non-repeatable levels by time:
     D:3: 1301 daAuts
     D:1: 1232 daAuts
     D:5: 1167 daAuts
     D:4: 969 daAuts
     D:6: 913 daAuts
     D:8: 815 daAuts
     D:7: 764 daAuts
     D:2: 685 daAuts
     D:9: 421 daAuts
   Sewer: 415 daAuts
  Temple: 222 daAuts
